[Event "November 21 Late 2023"]
[Site "https://www.chess.com"]
[Date "2023.11.21"]
[Round "2"]
[White "Ballester Llagaria, Luis Eduardo"]
[Black "Grischuk, Alexander"]
[Result "0-1"]
[Board "12"]
[TimeControl "180+1"]
[WhiteFideId "2297620"]
[BlackFideId "4126025"]
[WhiteElo "2344"]
[BlackElo "2699"]
[WhiteTeam "ESP"]
[BlackTeam "RUS"]
[WhiteClock "0:00:17"]
[BlackClock "0:00:48"]

1. e4 e5 2. Nf3 Nc6 3. Nc3 Nf6 4. a3 d5 5. exd5 Nxd5 6. Bb5 Nxc3 7. bxc3 Bd6 8. d4 exd4 9. O-O O-O 10. cxd4 h6 11. c3 Qf6 12. h3 Bf5 13. Be3 Ne7 14. Bd3 Rfe8 15. c4 Rad8 16. Rb1 b6 17. d5 c6 18. Bd4 Qg6 19. Nh4 Qg5 20. Nxf5 Nxf5 21. f4 Bxf4 22. Bxf5 Qxf5 23. Qf3 Re4 24. Bf2 cxd5 25. Rb5 Rxc4 26. g3 Qxh3 27. Rxd5 Rdc8 28. Qd3 Bg5 29. Rd1 Rc1 30. Be1 Rxd1 31. Qxd1 Be3+ 32. Bf2 Qxg3+ 0-1

[Event "November 21 Late 2023"]
[Site "https://www.chess.com"]
[Date "2023.11.21"]
[Round "2"]
[White "Terry, Renato"]
[Black "Banzea, Alexandru-Bogdan"]
[Result "1/2-1/2"]
[Board "13"]
[TimeControl "180+1"]
[WhiteFideId "3803457"]
[BlackFideId "1232622"]
[WhiteElo "2572"]
[BlackElo "2294"]
[WhiteTeam "PER"]
[BlackTeam "ROU"]
[WhiteClock "0:00:19"]
[BlackClock "0:00:03"]

1. d4 Nf6 2. Nf3 g6 3. Bg5 Bg7 4. c3 d6 5. Nbd2 h6 6. Bh4 O-O 7. e4 g5 8. Bg3 Nh5 9. Bd3 e6 10. Nc4 Nc6 11. Nfd2 Nxg3 12. hxg3 f5 13. exf5 exf5 14. Ne3 Qf6 15. Qb3+ Be6 16. Qxb7 Nxd4 17. O-O Rab8 18. Qxc7 Rxb2 19. Rad1 Rc8 20. Qxd6 Rxc3 21. Ndc4 Ne2+ 22. Bxe2 Rxe2 23. Nd5 Bxd5 24. Qxd5+ Qe6 25. Qd8+ Kh7 26. Nd6 f4 27. gxf4 gxf4 28. Qa5 f3 29. Qf5+ Qxf5 30. Nxf5 fxg2 31. Kxg2 Rc5 32. Ng3 Rxa2 33. Rd7 Raa5 34. Re1 Kg6 35. Re6+ Bf6 36. Rdd6 Rf5 37. Ne4 Rae5 38. Nxf6 Rxe6 39. Rxe6 Rxf6 40. Re7 Rf7 41. Re5 Rf5 42. Re6+ Rf6 43. Re5 a6 44. Ra5 Re6 45. f4 Rf6 46. Kg3 Rb6 47. Kg4 Rc6 48. Rd5 Kf6 49. Rd8 Kg7 50. Kf5 Rf6+ 51. Ke5 Rb6 52. Rd7+ Kf8 53. Ra7 Rb5+ 54. Kf6 Rb6+ 55. Kf5 Rb5+ 56. Kg6 Rb6+ 57. Kf5 Rb5+ 58. Kg4 Rb6 59. f5 Rc6 60. Kf4 Rb6 61. Rc7 Ke8 62. Ke5 Kf8 63. Ra7 Rc6 64. Kd5 Rb6 65. Rc7 Ke8 66. Ke5 Kf8 67. Rh7 Kg8 68. Ra7 Kf8 69. f6 Rb1 70. Kf5 Rf1+ 71. Kg6 Rg1+ 72. Kh7 h5 73. Kh6 h4 74. Rxa6 h3 75. Ra2 Rg2 76. Ra1 Kf7 77. Kh5 Kxf6 78. Kh4 h2 79. Rh1 Kf5 80. Kh3 Rg8 81. Kxh2 Rh8+ 82. Kg2 Rxh1 83. Kxh1 1/2-1/2

[Event "November 21 Late 2023"]
[Site "https://www.chess.com"]
[Date "2023.11.21"]
[Round "2"]
[White "Gimenez Aguirre, Alejo Ismael"]
[Black "Paravyan, David"]
[Result "1-0"]
[Board "14"]
[TimeControl "180+1"]
[WhiteFideId "32041667"]
[BlackFideId "4194985"]
[WhiteElo "2165"]
[BlackElo "2566"]
[WhiteTeam "ARG"]
[BlackTeam "FID"]
[WhiteClock "0:00:13"]
[BlackClock "0:00:01"]

1. e4 e5 2. Nf3 Nf6 3. Nxe5 d6 4. Nf3 Nxe4 5. Nc3 Nxc3 6. dxc3 Be7 7. Bd3 O-O 8. O-O Nd7 9. b3 Nc5 10. Be2 Bf6 11. Bb2 Bg4 12. h3 Bh5 13. Re1 Re8 14. Nd4 Bxe2 15. Rxe2 Qd7 16. Rxe8+ Rxe8 17. Qf3 d5 18. Rd1 Bxd4 19. Rxd4 Re1+ 20. Kh2 Qd6+ 21. g3 c6 22. c4 Ne6 23. Rd2 d4 24. c3 h6 25. cxd4 Ng5 26. Qg4 Qe7 27. d5 Rb1 28. Qc8+ Qf8 29. Qxf8+ Kxf8 30. Kg2 cxd5 31. cxd5 Ke8 32. Bxg7 h5 33. d6 Kd7 34. Bf8 Ne6 35. Be7 Ra1 36. Rd5 Rxa2 37. Rf5 Ke8 38. Rxh5 Rb2 39. Rb5 b6 40. h4 Nd4 41. Rd5 Ne6 42. Bf6 1-0

[Event "November 21 Late 2023"]
[Site "https://www.chess.com"]
[Date "2023.11.21"]
[Round "2"]
[White "Xiong, Jeffery"]
[Black "Wadsworth, Matthew J"]
[Result "1-0"]
[Board "15"]
[TimeControl "180+1"]
[WhiteFideId "2047640"]
[BlackFideId "415804"]
[WhiteElo "2726"]
[BlackElo "2266"]
[WhiteTeam "USA"]
[BlackTeam "ENG"]
[WhiteClock "0:01:16"]
[BlackClock "0:00:03"]

1. d4 Nf6 2. c4 c5 3. d5 e6 4. Nc3 exd5 5. cxd5 d6 6. Nf3 g6 7. Nd2 Nbd7 8. e4 Bg7 9. Be2 O-O 10. O-O Re8 11. Re1 a6 12. a4 Rb8 13. h3 g5 14. Ra3 Ne5 15. Nf1 h6 16. Ng3 c4 17. a5 b5 18. axb6 Qxb6 19. Ra2 g4 20. Be3 Qb3 21. hxg4 Nexg4 22. Bd4 h5 23. f3 h4 24. Nf1 Ne5 25. Nd2 Qxd1 26. Rxd1 Nh5 27. Nxc4 Nxc4 28. Bxc4 Nf4 29. Ne2 Bxd4+ 30. Rxd4 Nxe2+ 31. Bxe2 Re7 32. Bxa6 Bxa6 33. Rxa6 Rxb2 34. Rxd6 Rc7 35. e5 Rcc2 36. Rg4+ Kh7 37. Rxh4+ Kg7 38. Rg4+ Kf8 39. Rh6 Re2 40. d6 Ke8 41. Rg5 Rb1+ 42. Kh2 Ree1 43. Kg3 Re2 44. Kf4 Rb4+ 45. Kf5 Rb5 46. f4 Kd7 47. g4 1-0

[Event "November 21 Late 2023"]
[Site "https://www.chess.com"]
[Date "2023.11.21"]
[Round "2"]
[White "De La Colina, Nicolas"]
[Black "Muradli, Mahammad"]
[Result "1/2-1/2"]
[Board "16"]
[TimeControl "180+1"]
[WhiteFideId "30946921"]
[BlackFideId "13409301"]
[WhiteElo "2088"]
[BlackElo "2551"]
[WhiteTeam "USA"]
[BlackTeam "AZE"]
[WhiteClock "0:00:06"]
[BlackClock "0:00:09"]

1. e4 d6 2. d4 Nf6 3. Nc3 g6 4. Be3 a6 5. Qd2 b5 6. Bd3 Nbd7 7. Nf3 Bg7 8. Bh6 O-O 9. O-O Bb7 10. a3 c5 11. Bxg7 Kxg7 12. dxc5 dxc5 13. Rfe1 e6 14. Rad1 Qc7 15. e5 Ng4 16. Be4 Rad8 17. Bxb7 Ndxe5 18. Qf4 Nxf3+ 19. Qxf3 Qxh2+ 20. Kf1 h5 21. Qg3 Rxd1 22. Nxd1 Qxg3 23. fxg3 Rb8 24. Bf3 Nf6 25. Nc3 b4 26. axb4 Rxb4 27. b3 c4 28. Rb1 cxb3 29. Rxb3 Rc4 30. Be2 Rc6 31. Bd3 Ng4 32. Ke2 Rc5 33. Bxa6 Re5+ 34. Kd1 Ne3+ 35. Kc1 Nxg2 36. Ne2 h4 37. gxh4 Nxh4 38. Bd3 g5 39. Rb4 f5 40. Rb5 Re3 41. Kd2 Rh3 42. Rb6 Kf6 43. Bc4 Nf3+ 44. Kc1 Rh1+ 45. Kb2 g4 46. Rxe6+ Kg5 47. Re8 Nd2 48. Rg8+ Kf6 49. Bd3 Rh5 50. Rf8+ Ke5 51. Kc3 Nf3 52. Ng3 Rg5 53. Nxf5 g3 54. Ne3 Nd4 55. Ng2 Ne6 56. Rf1 Nd4 57. Kd2 Ne6 58. Ke3 Rg7 59. Kf3 Nd4+ 60. Ke3 Ne6 61. Rf5+ Kd6 62. Rf3 Nc5 63. Nf4 g2 64. Nxg2 Rxg2 65. Rf6+ Ke5 66. Rf5+ Kd6 67. Rh5 Rg3+ 68. Kd4 Rg4+ 69. Kc3 Kc6 70. Rh6+ Kd5 71. Rh5+ Kd6 72. Rh6+ Kc7 73. Rh7+ Kd6 74. Rh6+ Ke7 75. Rh7+ Kf6 76. Rh6+ Ke5 77. Rh5+ Kd6 78. Rh6+ 1/2-1/2

[Event "November 21 Late 2023"]
[Site "https://www.chess.com"]
[Date "2023.11.21"]
[Round "2"]
[White "Sarana, Alexey"]
[Black "Olsen, Filip Boe"]
[Result "0-1"]
[Board "17"]
[TimeControl "180+1"]
[WhiteFideId "24133795"]
[BlackFideId "1440640"]
[WhiteElo "2707"]
[BlackElo "2322"]
[WhiteTeam "SRB"]
[BlackTeam "DEN"]
[WhiteClock "0:00:02"]
[BlackClock "0:00:04"]

1. d4 d5 2. c4 e6 3. Nc3 c5 4. dxc5 d4 5. Na4 Nc6 6. e3 e5 7. Nf3 Nf6 8. exd4 exd4 9. Be2 Bf5 10. O-O d3 11. Qb3 dxe2 12. Re1 Qc7 13. Rxe2+ Be7 14. Nc3 O-O 15. Nd5 Nxd5 16. cxd5 Na5 17. Qc3 Qxc5 18. Bd2 Qxc3 19. Bxc3 Bd8 20. Bb4 Nc4 21. Bxf8 Kxf8 22. Rc1 Nd6 23. Nd4 Bd7 24. Nb3 Bb6 25. Nc5 Bb5 26. Rec2 Rd8 27. b3 Bd7 28. h3 Bf5 29. Rc3 h5 30. a4 g6 31. b4 a5 32. Rb3 axb4 33. Rxb4 Ba5 34. Rb2 b6 35. Nb3 Bb4 36. Nd4 Ba3 37. Rcb1 Bxb2 38. Rxb2 Nc4 39. Rb4 Bd3 40. Rb3 Be4 41. Nc6 Rxd5 42. Kh2 Rd6 43. Nb4 Rd2 44. f3 Bf5 45. Na6 Be6 46. Rc3 Ra2 47. Nc7 Rxa4 48. g4 hxg4 49. hxg4 Ne5 50. Re3 Ra5 51. Kg3 Ke7 52. Re1 Kd6 53. Ne8+ Ke7 54. Nc7 Kd7 55. Nxe6 fxe6 56. Re3 Rd5 57. f4 Nc4 58. Rc3 b5 59. Kh4 Ke7 60. Rb3 Kf6 61. Rb4 g5+ 62. fxg5+ Rxg5 63. Rb1 Rd5 64. Rf1+ Kg6 65. Rf8 b4 66. Rb8 Nd6 67. Rxb4 Rc5 68. Rb6 Rd5 69. Rb4 Nf7 70. Rb6 Kf6 71. Rb4 Rd3 72. Rf4+ Kg6 73. Rf1 Rd2 74. Re1 e5 75. Ra1 Rd6 76. Ra4 Nh6 77. Re4 Re6 78. Re3 e4 79. Re2 Nf7 80. Kg3 Ng5 81. Kf4 Rf6+ 82. Ke5 Rf3 83. Ra2 e3 84. Kd4 Rg3 85. Re2 Nf3+ 86. Ke4 Nd2+ 87. Kf4 Nf1 88. Re1 Rg1 89. Kf3 Kg5 90. Re2 Rg3+ 91. Ke4 Rxg4+ 92. Kf3 Rf4+ 93. Kg2 Kf5 94. Re1 Ke4 95. Ra1 e2 96. Ra4+ Ke3 97. Rxf4 Kxf4 98. Kf2 Ng3 99. Ke1 Kf3 0-1

[Event "November 21 Late 2023"]
[Site "https://www.chess.com"]
[Date "2023.11.21"]
[Round "2"]
[White "Zarnicki, Pablo"]
[Black "Deac, Bogdan-Daniel"]
[Result "0-1"]
[Board "18"]
[TimeControl "180+1"]
[WhiteFideId "100137"]
[BlackFideId "1226380"]
[WhiteElo "2468"]
[BlackElo "2641"]
[WhiteTeam "ARG"]
[BlackTeam "ROU"]
[WhiteClock "0:00:00"]
[BlackClock "0:02:01"]

1. e4 e5 2. Nc3 Nf6 3. g3 d5 4. exd5 Nxd5 5. Bg2 Nf6 6. Nf3 Nc6 7. O-O Bc5 8. Re1 O-O 9. h3 Re8 10. d3 h6 11. Be3 Bd6 12. Qd2 Bf5 13. a3 Qd7 14. Kh2 Rad8 15. Nh4 Be6 16. Ne4 Be7 17. Nc5 Bxc5 18. Bxc5 Bd5 19. Nf3 e4 20. dxe4 Nxe4 21. Qe3 Nxg3 22. Qf4 Ne4 23. Be3 g5 24. Qg4 f5 25. Qh5 Qd6+ 26. Kg1 Bf7 0-1

[Event "November 21 Late 2023"]
[Site "https://www.chess.com"]
[Date "2023.11.21"]
[Round "2"]
[White "Sturt, Raven"]
[Black "Bortnyk, Mykola"]
[Result "0-1"]
[Board "19"]
[TimeControl "180+1"]
[WhiteFideId "2007304"]
[BlackFideId "14120836"]
[WhiteElo "2408"]
[BlackElo "2592"]
[WhiteTeam "USA"]
[BlackTeam "UKR"]
[WhiteClock "0:00:00"]
[BlackClock "0:00:33"]

1. f4 g6 2. Nf3 Bg7 3. e3 c5 4. c4 Nc6 5. Nc3 Nf6 6. Be2 d5 7. cxd5 Nxd5 8. O-O O-O 9. Qb3 Ndb4 10. a3 Be6 11. Qa4 Nd3 12. Qb5 c4 13. Ng5 Nxc1 14. Raxc1 Qxd2 15. Nxe6 Qxe3+ 16. Kh1 Qxe6 17. Bxc4 Qd7 18. Rcd1 Qc8 19. f5 Nd4 20. Rxd4 Bxd4 21. fxg6 hxg6 22. Ne4 Kg7 23. Rxf7+ Rxf7 24. Qd5 Qf5 25. Qxd4+ e5 26. Qe3 Qf1+ 27. Bxf1 Rxf1+ 28. Qg1 Rxg1+ 29. Kxg1 Rc8 30. b4 Rc1+ 31. Kf2 Ra1 32. Nd6 b6 33. Nc4 Kf6 34. Ke3 Ke6 35. b5 Ra2 36. g4 Rxh2 37. Kd3 Rh3+ 38. Ke4 Rh1 39. Kd3 Rb1 40. a4 Rb4 0-1

[Event "November 21 Late 2023"]
[Site "https://www.chess.com"]
[Date "2023.11.21"]
[Round "2"]
[White "Demchenko, Anton"]
[Black "Lamaze, Simon"]
[Result "1-0"]
[Board "20"]
[TimeControl "180+1"]
[WhiteFideId "4160258"]
[BlackFideId "36069264"]
[WhiteElo "2545"]
[BlackElo "2335"]
[WhiteTeam "SLO"]
[BlackTeam "FRA"]
[WhiteClock "0:00:05"]
[BlackClock "0:00:00"]

1. e4 c6 2. d4 d5 3. e5 Bf5 4. Bd3 Bxd3 5. Qxd3 e6 6. c3 c5 7. Ne2 Nc6 8. O-O Qa5 9. a3 Qa6 10. Qxa6 bxa6 11. b4 cxd4 12. cxd4 Nge7 13. Be3 Kd7 14. Nd2 Nf5 15. Nb3 Be7 16. Nc3 Rhc8 17. Na4 Ke8 18. Rfc1 f6 19. exf6 Bxf6 20. Rd1 Rab8 21. g4 Nxe3 22. fxe3 a5 23. Nac5 axb4 24. axb4 Rxb4 25. Na5 Kf7 26. Nxc6 Rxc6 27. Rxa7+ Kg6 28. Nd3 Rb3 29. Kf2 Rcc3 30. Ke2 Kg5 31. h3 Kh4 32. Rd2 Rb1 33. Ra6 Kxh3 34. g5 Bxg5 35. Rxe6 Rg1 36. Re5 Bh4 37. Rxd5 Rg2+ 38. Kd1 Rxd2+ 39. Kxd2 Ra3 40. Rd7 Bf6 41. Nf4+ Kg4 42. Nd5 Kf5 43. Nxf6 Kxf6 44. e4 h5 45. Rd6+ Kg5 46. e5 h4 47. Rd8 Kf5 48. Rh8 g5 49. Rf8+ Ke4 50. e6 Rd3+ 51. Kc2 Re3 52. e7 Kxd4 53. e8=Q Rxe8 54. Rxe8 1-0

[Event "November 21 Late 2023"]
[Site "https://www.chess.com"]
[Date "2023.11.21"]
[Round "2"]
[White "Milchev, Nikolay"]
[Black "Matlakov, Maxim"]
[Result "0-1"]
[Board "21"]
[TimeControl "180+1"]
[WhiteFideId "2906090"]
[BlackFideId "4168003"]
[WhiteElo "2449"]
[BlackElo "2638"]
[WhiteTeam "ENG"]
[BlackTeam "RUS"]
[WhiteClock "0:00:32"]
[BlackClock "0:00:31"]

1. Nf3 Nf6 2. c4 b6 3. g3 Bb7 4. Bg2 e6 5. O-O Be7 6. d4 O-O 7. d5 Na6 8. Nc3 Bb4 9. dxe6 dxe6 10. Nb5 c6 11. a3 cxb5 12. cxb5 Nc7 13. axb4 Nxb5 14. Bg5 Qe7 15. Qd3 a6 16. Bxf6 gxf6 17. Qe3 Rab8 18. Qf4 Rfd8 19. Rfd1 Nc7 20. Rxd8+ Rxd8 21. Qh4 Nd5 22. b5 a5 23. Nd4 Rc8 24. Nc6 Bxc6 25. bxc6 Rxc6 26. Bxd5 exd5 27. Rd1 Qxe2 28. Qd4 Rc5 29. Rf1 Kg7 30. b4 Rc4 31. Qxd5 Rxb4 32. Rc1 a4 33. h4 Qe4 34. Qd2 Rb1 35. Rxb1 Qxb1+ 36. Kh2 a3 37. h5 a2 38. h6+ Kg6 39. Qf4 a1=Q 40. Qg4+ Kxh6 41. Qh4+ Kg7 42. Qxf6+ Kxf6 0-1

[Event "November 21 Late 2023"]
[Site "https://www.chess.com"]
[Date "2023.11.21"]
[Round "2"]
[White "Galchenko, Matvey"]
[Black "TheKnightOfBosnia"]
[Result "0-1"]
[Board "22"]
[TimeControl "180+1"]
[WhiteFideId "24175480"]
[WhiteElo "2406"]
[BlackElo "2591"]
[WhiteTeam "FID"]
[WhiteClock "0:00:03"]
[BlackClock "0:00:16"]

1. e4 e5 2. Nf3 Nc6 3. d4 exd4 4. c3 d5 5. exd5 Qxd5 6. cxd4 Nf6 7. Nc3 Qd8 8. Bc4 Bd6 9. O-O O-O 10. h3 h6 11. Re1 Re8 12. Be3 a6 13. a3 b5 14. Ba2 b4 15. axb4 Nxb4 16. Bc4 Be6 17. Bxe6 Rxe6 18. Qb3 Nfd5 19. Bd2 Nxc3 20. bxc3 Rxe1+ 21. Rxe1 Nd3 22. Ra1 c5 23. c4 Nf4 24. dxc5 Bc7 25. Bxf4 Bxf4 26. c6 Qc7 27. Qb7 Rb8 28. Qxa6 Rb6 29. Qa8+ Kh7 30. Qe8 Rxc6 31. Qe4+ g6 32. Ra4 Re6 33. Qc2 Qc5 34. Ra1 Rc6 35. Ra4 Re6 36. Ra8 Qc6 37. Ra3 Re4 38. Rc3 Bc7 39. Qd2 Ba5 40. Qc2 Bxc3 41. Qxc3 Rxc4 42. Qf6 Rc1+ 43. Kh2 Qxf6 0-1

[Event "November 21 Late 2023"]
[Site "https://www.chess.com"]
[Date "2023.11.21"]
[Round "2"]
[White "Bettalli, Francesco"]
[Black "Elsa167"]
[Result "0-1"]
[Board "23"]
[TimeControl "180+1"]
[WhiteFideId "2816453"]
[WhiteElo "2226"]
[BlackElo "2957"]
[WhiteTeam "ITA"]
[WhiteClock "0:00:03"]
[BlackClock "0:00:14"]

1. e4 e6 2. d4 d5 3. Bd3 c5 4. exd5 exd5 5. Nf3 c4 6. Be2 Nc6 7. O-O Bd6 8. b3 cxb3 9. axb3 Nf6 10. c4 h6 11. Nc3 O-O 12. Re1 Re8 13. h3 Bf5 14. Bb2 Bb4 15. c5 Ne4 16. Rc1 Qa5 17. Ra1 Qd8 18. Rc1 a6 19. Rf1 Nxc3 20. Bxc3 Bxc3 21. Rxc3 Qa5 22. Re3 Qb4 23. Qd2 Qxd2 24. Nxd2 Nxd4 25. Bf3 Be6 26. Rd1 Rac8 27. b4 Nc2 28. Rb3 Nd4 29. Rd3 Nc6 30. Rb3 Rc7 31. Nf1 d4 32. Rb2 Rd8 33. Ng3 Ne5 34. Be4 d3 35. Rbd2 Rd4 36. f4 f5 37. Bxd3 Nxd3 38. Rxd3 Rxf4 39. Re1 Bc4 40. Rd8+ Kh7 41. Re5 Rf7 42. Ree8 Bb5 43. Rh8+ Kg6 44. Rd6+ Rf6 45. Rxf6+ gxf6 46. Rg8+ Kf7 47. Rb8 Bc6 48. Rh8 Rxb4 49. Nxf5 Rb2 50. g4 a5 51. Rxh6 a4 52. Rh7+ Kg8 53. Rg7+ Kh8 54. Rf7 a3 55. Rf8+ Kh7 56. Ra8 a2 57. h4 Rb1+ 58. Kf2 a1=Q 59. Rxa1 Rxa1 60. Ke3 Ra4 61. g5 Re4+ 62. Kd3 Re5 63. g6+ Kxg6 64. Nd4 Rxc5 65. Ne6 Re5 66. Nf4+ Kf5 67. Nh5 Re7 68. Ng3+ Kf4 69. Nh5+ Ke5 70. Ng3 f5 71. h5 f4 72. Ne2 Bb5+ 0-1

[Event "November 21 Late 2023"]
[Site "https://www.chess.com"]
[Date "2023.11.21"]
[Round "2"]
[White "Chigaev, Maksim"]
[Black "Erdogan, Anil Berk"]
[Result "1-0"]
[Board "24"]
[TimeControl "180+1"]
[WhiteFideId "4108116"]
[BlackFideId "6348173"]
[WhiteElo "2561"]
[BlackElo "2007"]
[WhiteTeam "ESP"]
[BlackTeam "TUR"]
[WhiteClock "0:01:12"]
[BlackClock "0:00:37"]

1. d4 Nf6 2. c4 c5 3. Nf3 cxd4 4. Nxd4 Nc6 5. Nc3 g6 6. e4 d6 7. f3 Nxd4 8. Qxd4 Bg7 9. Be3 O-O 10. Qd2 Be6 11. Rc1 Qa5 12. Be2 Rfc8 13. b3 a6 14. Na4 Qxd2+ 15. Kxd2 Nd7 16. g4 f5 17. exf5 gxf5 18. h3 Rf8 19. f4 Rad8 20. Bf3 Nc5 21. Nxc5 dxc5+ 22. Ke2 b6 23. g5 Rd6 24. Rcd1 Rfd8 25. Rxd6 Rxd6 26. h4 Bd4 27. Rd1 Bxe3 28. Rxd6 exd6 29. Kxe3 Kg7 30. Kd3 Bd7 31. Kc3 a5 32. Bd5 Kf8 33. h5 Kg7 34. h6+ Kf8 35. Kb2 Bc8 36. Bc6 Kf7 37. Ka3 Kf8 38. Ka4 Ba6 39. Bd7 d5 40. Bxf5 dxc4 41. bxc4 Bxc4 42. Bxh7 Bxa2 43. g6 Bg8 44. Bxg8 Kxg8 45. h7+ Kh8 46. f5 c4 47. f6 b5+ 48. Kxb5 c3 49. f7 Kg7 50. h8=Q+ Kxh8 51. f8=Q# 1-0

[Event "November 21 Late 2023"]
[Site "https://www.chess.com"]
[Date "2023.11.21"]
[Round "2"]
[White "Statham_l3"]
[Black "Gholami Orimi, Mahdi"]
[Result "1-0"]
[Board "25"]
[TimeControl "180+1"]
[BlackFideId "12558486"]
[WhiteElo "2587"]
[BlackElo "2331"]
[BlackTeam "IRI"]
[WhiteClock "0:00:08"]
[BlackClock "0:00:17"]

1. e4 c5 2. Nf3 d6 3. d4 cxd4 4. Nxd4 Nf6 5. Nc3 Nc6 6. Be3 Ng4 7. Bb5 Nxe3 8. fxe3 Bd7 9. O-O Ne5 10. Nf3 Bxb5 11. Nxb5 a6 12. Nxe5 dxe5 13. Qh5 g6 14. Qxe5 axb5 15. Qxh8 Qd2 16. Qxh7 O-O-O 17. Qh3+ Kb8 18. Rad1 Qxd1 19. Rxd1 Rxd1+ 20. Kf2 Bg7 21. Ke2 Rb1 22. b3 Rb2 23. Kd3 Rxa2 24. Qh7 Bf6 25. Qxf7 g5 26. Qe8+ Ka7 27. Qxb5 Ra1 28. e5 Bh8 29. Qc5+ Ka6 30. Qxe7 Ra5 31. b4 Rxe5 32. Qd6+ Ka7 33. c4 Re8 34. Ke2 Be5 35. Qc5+ Kb8 36. g3 g4 37. Qb5 Re7 38. Qc5 Re8 39. Qd5 Bc7 40. c5 Rh8 41. Qg2 Rh5 42. e4 Be5 43. Qf2 Bc3 44. Qf8+ Ka7 45. c6 Rxh2+ 46. Kd3 Be5 47. Qf7 Rh7 48. Qxh7 Bc7 49. Qf5 bxc6 50. Qxg4 c5 51. Qe2 cxb4 52. Kc4 Bd6 53. e5 Be7 54. e6 Kb6 55. Qe3+ Kc6 56. Qe4+ Kc7 57. Qe5+ Bd6 58. Qg7+ Kc6 59. Qd7+ Kb6 60. Qxd6+ Ka5 61. e7 Ka4 62. Qxb4# 1-0

[Event "November 21 Late 2023"]
[Site "https://www.chess.com"]
[Date "2023.11.21"]
[Round "2"]
[White "Khismatullin, Denis"]
[Black "Leiva, Gianmarco"]
[Result "1-0"]
[Board "26"]
[TimeControl "180+1"]
[WhiteFideId "4142578"]
[BlackFideId "3804399"]
[WhiteElo "2552"]
[BlackElo "2335"]
[WhiteTeam "RUS"]
[BlackTeam "PER"]
[WhiteClock "0:00:44"]
[BlackClock "0:00:01"]

1. e4 g6 2. d4 Bg7 3. Nf3 d6 4. Be2 Nf6 5. Nc3 O-O 6. O-O Nc6 7. d5 Nb4 8. Be3 c5 9. a3 Na6 10. Qd2 Re8 11. Rad1 Nc7 12. Bh6 Bh8 13. h3 Nd7 14. Ng5 Rb8 15. Qf4 Nf6 16. Qh4 b5 17. b4 cxb4 18. axb4 Bd7 19. f4 Nh5 20. e5 Na6 21. Bxh5 Nxb4 22. Bg4 Bxg4 23. hxg4 Nxc2 24. Bf8 Kxf8 25. Qxh7 Bg7 26. f5 Qb6+ 27. Kh1 gxf5 28. Rxf5 f6 29. Ne6+ 1-0

[Event "November 21 Late 2023"]
[Site "https://www.chess.com"]
[Date "2023.11.21"]
[Round "2"]
[White "GatoRojo150"]
[Black "Rasulov, Vugar"]
[Result "1/2-1/2"]
[Board "27"]
[TimeControl "180+1"]
[BlackFideId "13402390"]
[WhiteElo "2582"]
[BlackElo "2517"]
[BlackTeam "AZE"]
[WhiteClock "0:00:04"]
[BlackClock "0:00:03"]

1. e4 e5 2. Nf3 Nc6 3. Nc3 Nf6 4. Bb5 Bd6 5. d3 h6 6. a3 Nd4 7. Nxd4 exd4 8. Ne2 Bc5 9. O-O c6 10. Bc4 d6 11. Ng3 Be6 12. Bxe6 fxe6 13. f4 Qd7 14. f5 e5 15. Nh5 O-O-O 16. b4 Bb6 17. a4 Qf7 18. Nxf6 gxf6 19. b5 cxb5 20. axb5 d5 21. Qf3 h5 22. Bd2 dxe4 23. dxe4 d3+ 24. Be3 dxc2 25. Bxb6 axb6 26. Qc3+ Kb8 27. Qxc2 Rhg8 28. Rfc1 Rc8 29. Qa4 Rxc1+ 30. Rxc1 Qd7 31. Qc4 Rg4 32. h3 Rg3 33. Kh2 h4 34. Qb4 Rg8 35. Rc2 Qd3 36. Rc3 Qd4 37. Rc4 Qd3 38. Rc3 Qd1 39. Qc4 Qd8 40. Rd3 Qf8 41. Rd7 Qc8 42. Qe6 Rg3 43. Qd6+ Ka7 44. Qa3+ Kb8 45. Qd6+ Ka7 46. Rd8 Rxg2+ 47. Kxg2 Qc2+ 48. Qd2 Qxe4+ 49. Kh2 Qc4 50. Qd3 Qa2+ 51. Qd2 Qc4 52. Qd3 Qa2+ 53. Kg1 Qa1+ 54. Qd1 Qa3 55. Qd3 Qc1+ 56. Kf2 Qb2+ 57. Ke1 Qa1+ 58. Ke2 Qb2+ 59. Kf3 Qb4 60. Ke2 Qb2+ 61. Qd2 Qxb5+ 62. Qd3 Qb2+ 63. Qd2 Qb3 64. Qd3 Qb2+ 65. Qd2 Qb5+ 66. Qd3 Qb2+ 1/2-1/2

[Event "November 21 Late 2023"]
[Site "https://www.chess.com"]
[Date "2023.11.21"]
[Round "2"]
[White "Ibarra Jerez, Jose Carlos"]
[Black "Guerra Tulcan, Lenin"]
[Result "1-0"]
[Board "28"]
[TimeControl "180+1"]
[WhiteFideId "2226332"]
[BlackFideId "3601382"]
[WhiteElo "2634"]
[BlackElo "2368"]
[WhiteTeam "ESP"]
[BlackTeam "ECU"]
[WhiteClock "0:01:21"]
[BlackClock "0:00:55"]

1. e4 c5 2. Nf3 e6 3. d4 cxd4 4. Nxd4 Nc6 5. Nc3 Qc7 6. g4 a6 7. Be3 b5 8. Nxc6 dxc6 9. Qf3 Bb7 10. O-O-O Ne7 11. g5 Nc8 12. h4 Bb4 13. Bd4 e5 14. Qg3 Bd6 15. Be3 O-O 16. h5 Bb4 17. g6 fxg6 18. hxg6 h6 19. Bh3 Rf6 20. Rd7 Qa5 21. Qxe5 Nd6 22. Be6+ Kf8 23. Qxf6+ gxf6 24. g7+ 1-0

[Event "November 21 Late 2023"]
[Site "https://www.chess.com"]
[Date "2023.11.21"]
[Round "2"]
[White "Manukyan, Sargis A."]
[Black "Zhigalko, Sergei"]
[Result "0-1"]
[Board "29"]
[TimeControl "180+1"]
[WhiteFideId "13303970"]
[BlackFideId "13502956"]
[WhiteElo "2204"]
[BlackElo "2616"]
[WhiteTeam "ARM"]
[BlackTeam "BLR"]
[WhiteClock "0:00:02"]
[BlackClock "0:00:06"]

1. d4 d5 2. c4 e6 3. Nc3 c6 4. e3 Bd6 5. Nf3 f5 6. Be2 Nf6 7. O-O O-O 8. Ne5 b6 9. f4 Bb7 10. b3 Nbd7 11. a4 Qe7 12. Bb2 a5 13. Qc1 Rac8 14. Ba3 Bb4 15. Bxb4 axb4 16. Nb1 c5 17. Qb2 Nxe5 18. dxe5 Ne4 19. Nd2 Nc3 20. Bf3 Rfd8 21. a5 b5 22. a6 Ba8 23. g4 dxc4 24. bxc4 Bxf3 25. Rxf3 fxg4 26. Rf2 Qd7 27. a7 Ra8 28. cxb5 Rxa7 29. Rxa7 Qxa7 30. Qb3 Qd7 31. f5 Re8 32. f6 Rf8 33. Nc4 Nxb5 34. Nb6 Qc6 35. Nc4 Qd5 36. Qc2 gxf6 37. exf6 Nc3 38. Qb3 Ne4 39. Rf4 h5 40. Na5 Ng5 41. Qxd5 exd5 42. Nc6 Nh3+ 43. Kg2 Nxf4+ 44. exf4 Rxf6 45. Ne7+ Kf7 46. Nxd5 b3 47. Nxf6 Kxf6 0-1

[Event "November 21 Late 2023"]
[Site "https://www.chess.com"]
[Date "2023.11.21"]
[Round "2"]
[White "Shimanov, Aleksandr"]
[Black "ArtemDyachuk"]
[Result "1-0"]
[Board "30"]
[TimeControl "180+1"]
[WhiteFideId "4198603"]
[WhiteElo "2611"]
[BlackElo "2574"]
[WhiteTeam "RUS"]
[WhiteClock "0:01:27"]
[BlackClock "0:00:04"]

1. e4 c5 2. Nf3 d6 3. d4 cxd4 4. Nxd4 Nf6 5. f3 e6 6. Nc3 a6 7. Be3 Qc7 8. Qd2 Nbd7 9. g4 h6 10. h4 Be7 11. Rg1 b5 12. g5 hxg5 13. hxg5 Nh5 14. O-O-O b4 15. Na4 Rb8 16. g6 Ne5 17. gxf7+ Nxf7 18. Bh3 Qa5 19. b3 Nd8 20. f4 Nf6 21. Qg2 Bd7 22. Qg6+ Nf7 23. Bxe6 Rf8 24. Bxd7+ Kxd7 25. e5 Nd5 26. Qe6+ Ke8 27. Nf5 Nd8 28. Nxg7# 1-0

[Event "November 21 Late 2023"]
[Site "https://www.chess.com"]
[Date "2023.11.21"]
[Round "2"]
[White "elmusmolamas"]
[Black "Tactrics"]
[Result "0-1"]
[Board "31"]
[TimeControl "180+1"]
[WhiteElo "2569"]
[BlackElo "2898"]
[WhiteClock "0:00:02"]
[BlackClock "0:00:54"]

1. e4 e6 2. d4 d5 3. Bd3 Nc6 4. c3 e5 5. Nf3 exd4 6. cxd4 Bb4+ 7. Nc3 dxe4 8. Bxe4 Nf6 9. Bc2 O-O 10. O-O Bg4 11. Be3 h6 12. h3 Bh5 13. a3 Bd6 14. Nb5 Be7 15. Bf4 Nd5 16. Be3 Bf6 17. Nc3 Re8 18. Re1 Nb6 19. g4 Bg6 20. Bxg6 fxg6 21. Qb3+ Kh7 22. Rad1 Na5 23. Qc2 Nd5 24. Bc1 Nxc3 25. bxc3 Qd5 26. Qd3 Nc4 27. h4 Kg8 28. Kg2 Bxh4 29. Qxg6 Rf8 30. Qe6+ Qxe6 31. Rxe6 Bf6 32. g5 hxg5 33. Bxg5 Rae8 34. Rde1 Rxe6 35. Rxe6 Kf7 36. Re2 Re8 37. Rxe8 Kxe8 38. Bxf6 gxf6 39. Kf1 Nxa3 40. Ke2 Nc4 41. Kd3 b5 42. Nh4 Ke7 43. Nf5+ Ke6 44. Ng7+ Kd7 45. Nh5 Ke7 46. Nf4 c6 47. d5 c5 48. Ke4 a5 49. Kf5 a4 50. Nd3 Kd6 51. Kxf6 a3 52. Nc1 Kxd5 53. f4 Ne3 54. Kg5 Kc4 55. f5 Nxf5 56. Kxf5 Kxc3 0-1